 Dungeon Crawl Stone Soup version 0.30-a0-381-g6ea064c (webtiles) character file.

Game seed: 6788976547078915510

906 Rulkes the Destroyer (level 7, -3/50 HPs)
             Began as a White Draconian Fire Elementalist on Dec 1, 2022.
             Slain by an orc warrior
             ... wielding a +0 trident
              (10 damage)
             ... on level 6 of the Dungeon.
             The game lasted 00:11:15 (5081 turns).

Rulkes the Destroyer (DrFE)                         Turns: 5081, Time: 00:11:16

Health: -3/50      AC:  6    Str: 11    XL:     7   Next: 81%
Magic:  10/10      EV: 12    Int: 17    God:
Gold:   261        SH:  0    Dex: 11    Spells: 7/10 levels left

rFire   . . .      SeeInvis +    o - +8 spear "Maem" {vamp, rN+ Will- SInv Stlth+}
rCold   + . .      Faith    .    (no shield)
rNeg    + . .      Spirit   .    (body armour unavailable)
rPois   +          Reflect  .    (helmet restricted)
rElec   .          Harm     .    (no cloak)
rCorr   .          Rampage  .    (no gloves)
Will    .....                    (no boots)
Stlth   +++.......               i - amulet of magic regeneration
HPRegen 0.28/turn                w - ring of poison resistance
MPRegen 0.52/turn                (no ring)

@: no status effects
A: breathe frost, AC +6, unfitting armour, cold resistance 1, cold-blooded
a: Breathe Frost


You were on level 6 of the Dungeon.
You visited 1 branch of the dungeon, and saw 6 of its levels.

You collected 261 gold pieces.

Inventory:

Hand Weapons
 k - a +0 dagger
 o - the +8 spear "Maem" (weapon) {vamp, rN+ Will- SInv Stlth+}
   (You found it on level 2 of the Dungeon)

   It occasionally heals its wielder for a portion of the damage dealt when it
   wounds a living foe.
   rN:        It protects you from negative energy.
   SInv:      It lets you see invisible.
   Will:      It decreases your willpower.
   Stlth:     It makes you more stealthy.
Missiles
 v - a throwing net
Jewellery
 c - a ring of fire
 i - an amulet of magic regeneration (around neck)
 w - a ring of poison resistance (left hand)
Wands
 t - a wand of iceblast (9)
 x - a wand of mindburst (14)
Scrolls
 f - 5 scrolls of identify {unknown}
 h - a scroll of enchant armour {unknown}
 l - 2 scrolls of fog {unknown}
 m - 2 scrolls of teleportation
 s - 3 scrolls of fear {unknown}
 y - a scroll of acquirement {unknown}
 A - a scroll of poison {unknown}
Potions
 a - a potion of magic
 b - a potion of cancellation {unknown}
 d - a potion of invisibility
 e - a potion of berserk rage {unknown}
 g - a potion of attraction {unknown}
 j - a potion of curing
 n - 2 potions of ambrosia {unknown}
 p - a potion of brilliance {unknown}
 q - 3 potions of flight {unknown}
 r - 3 potions of heal wounds {unknown}
 u - 2 potions of haste {unknown}
 z - a potion of lignification {unknown}
 B - a potion of mutation {unknown}


   Skills:
 - Level 1.7 Dodging
 - Level 1.7 Stealth
 - Level 2.0 Spellcasting
 + Level 9.0 Conjurations
 - Level 2.4 Fire Magic


You had 7 spell levels left.
You knew the following spells:

 Your Spells              Type           Power      Damage    Failure   Level
a - Foxfire               Conj/Fire      84%        2x1d8     1%          1
b - Scorch                Fire           18%        2d6       11%         2

Your spell library contained the following spells:

 Spells                   Type           Power      Damage    Failure   Level
 Flame Wave               Conj/Fire      21%        2d8       19%         4
 Inner Flame              Hex/Fire       5%         N/A       34%         3
 Kindle Blastsparks       Fire/Tloc/Air  8%         2d10      38%         3
 Gell's Gravitas          Tloc           1%         N/A       50%         3
 Lesser Beckoning         Tloc           2%         N/A       50%         3
 Ozocubu's Armour         Ice            1%         N/A       50%         3
 Teleport Other           Tloc           1%         N/A       50%         3
 Ozocubu's Refrigeration  Ice            0%         4d7       100%        7


Dungeon Overview and Level Annotations

Branches:
Dungeon (6/15)
 Temple: D:4-7

Altars:
Okawaru


Innate Abilities, Weirdness & Mutations

You can breathe waves of freezing cold which knock back foes.
Your icy white scales are hard. (AC +6)
You cannot fit into any form of body armour.
Your flesh is cold resistant. (rC+)
You are cold-blooded and may be slowed by cold attacks.


Message History

The foxfire hits the orc.
The orc is severely wounded.
The foxfire hits the orc.
You kill the orc!
The orc warrior shoots a bolt.
The bolt hits you!
You conjure some foxfire!
The orc warrior shoots a bolt.
The bolt completely misses you. The bolt hits your foxfire!!
Your foxfire dissipates!
The foxfire hits the orc warrior but does no damage.
You conjure some foxfire!
The orc warrior shoots a bolt.
The bolt hits you!
The foxfire hits the orc warrior but does no damage.
The orc warrior shoots a bolt.
The bolt barely misses you.
You are too injured to fight recklessly!
You start resting.
An orc warrior is nearby!
You are too injured to fight recklessly!
The orc warrior unwields a +0 arbalest.
The orc warrior wields a +0 trident.
The orc warrior hits you with a +0 trident!
* * * LOW HITPOINT WARNING * * *
You hit the orc warrior but do no damage.
The orc warrior closely misses you.
You puncture the orc warrior!
You feel better.
The orc warrior is moderately wounded.
The orc warrior hits you but does no damage.
You hit the orc warrior but do no damage.
Your tail-slap misses the orc warrior.
The orc warrior is moderately wounded.
The orc warrior barely misses you.
You puncture the orc warrior! Your punch misses the orc warrior.
The orc warrior is severely wounded.
The orc warrior hits you with a +0 trident!
* * * LOW HITPOINT WARNING * * *
The orc warrior hits you but does no damage.
You barely miss the orc warrior.
The orc warrior is severely wounded.
The orc warrior barely misses you.
You hit the orc warrior but do no damage.
The orc warrior is severely wounded.
The orc warrior hits you with a +0 trident!
You die...

.......## ###....
###......# ###.....#
###........## #.......##
............####))v....#
#.......#...##..§......
#.............§..#....
.###............§...# ..#
........#....#o##.###.. #
............##@##......
..................##..
...........#......# #.
...........###..### ..
............##.## ....
........###.##..####....#
......... #.###.........#
..........#............##
....................#....


You could see an orc warrior.

Vanquished Creatures
  A black bear (D:5)
  An ogre (D:5)
  A centaur (D:5)
  A bullfrog (D:6)
  2 hounds (D:5)
  A jelly (D:4)
  Crazy Yiuf (D:2)
  Jessica (D:3)
  2 iguanas (D:5)
  Ijyb (D:3)
  Natasha (twice) (D:4)
  5 orc wizards
  3 gnolls (D:4)
  7 adders
  An ufetubus (D:5)
  2 worms
  2 dart slugs
  16 orcs
  8 endoplasms
  3 giant cockroaches
  5 goblins
  8 hobgoblins
  3 jackals (D:4)
  3 quokkas
  5 ball pythons
  5 bats
  2 frilled lizards
  8 kobolds
  5 rats
105 creatures vanquished.

Vanquished Creatures (others)
  336 foxfires
336 creatures vanquished.

Grand Total: 441 creatures vanquished

Notes
Turn   | Place    | Note
-------+----------+-------------------------------------------
     0 | D:1      | Rulkes the Draconian Fire Elementalist began the quest for
                  | the Orb.
     0 | D:1      | Reached XP level 1. HP: 14/14 MP: 3/3
   262 | D:1      | Reached skill level 2 in Conjurations
   376 | D:1      | Reached XP level 2. HP: 20/20 MP: 3/5
  1107 | D:1      | Reached skill level 3 in Conjurations
  1256 | D:1      | Reached XP level 3. HP: 14/26 MP: 6/6
  1452 | D:2      | Found an iron altar of Okawaru.
  1605 | D:2      | Reached XP level 4. HP: 32/33 MP: 7/7
  1617 | D:2      | Learned a level 2 spell: Scorch
  1641 | D:2      | Identified the +8 spear "Maem" {vamp, rN+ Will- SInv
                  | Stlth+}
  1705 | D:2      | Reached skill level 4 in Conjurations
  1795 | D:2      | Found a runed translucent door.
  1796 | D:2      | Noticed Crazy Yiuf
  1950 | D:2      | Killed Crazy Yiuf
  2188 | D:3      | Reached XP level 5. HP: 38/38 MP: 6/8
  2193 | D:3      | Noticed Ijyb
  2194 | D:3      | Paralysed by Ijyb for 5 turns
  2196 | D:3      | Noticed Jessica
  2206 | D:3      | Paralysed by Ijyb for 4 turns
  2291 | D:3      | Killed Jessica
  2292 | D:3      | Reached skill level 5 in Conjurations
  2472 | D:3      | Paralysed by Ijyb for 4 turns
  2479 | D:3      | Paralysed by Ijyb for 4 turns
  2491 | D:3      | Killed Ijyb
  2952 | D:4      | Reached skill level 6 in Conjurations
  2952 | D:4      | Reached XP level 6. HP: 36/45 MP: 9/9
  3155 | D:4      | Noticed Natasha
  3167 | D:4      | Killed Natasha
  3612 | D:4      | Noticed Natasha
  3624 | D:4      | Killed Natasha
  3801 | D:5      | Entered Level 5 of the Dungeon
  3813 | D:5      | Reached skill level 7 in Conjurations
  3998 | D:5      | Your scales start taking on an icy white colour.
  3998 | D:5      | Reached XP level 7. HP: 28/50 MP: 10/10
  3998 | D:5      | Gained mutation: Your flesh is cold resistant. (rC+) [White
                  | Draconian growth]
  4248 | D:4      | Reached skill level 8 in Conjurations
  5007 | D:6      | Reached skill level 9 in Conjurations
  5081 | D:6      | Slain by an orc warrior

Illustrated notes

Levels and vault maps discovered:
D:1:      dpeg_arrival_rooms_with_view, layout_basic, grunt_decor_junction,
          grunt_decor_one_mirror
D:2:      layout_basic, basic_altar, nrook_campfire, uniq_crazy_yiuf_cottage
D:3:      layout_rooms, serial_rivers, chequers_serial_rivers_large_b,
          chequers_serial_rivers_micro_e, chequers_serial_rivers_micro_b,
          chequers_serial_rivers_micro_b, chequers_serial_rivers_micro_b,
          uniq_ijyb, uniq_jessica
D:4:      layout_loops_ring, uniq_natasha
D:5:      layout_basic
D:6:      layout_cave_pools, minmay_misc_feat_plants, uniq_duvessa

Skill      XL: |  1  2  3  4  5  6  7 |
---------------+----------------------+-----
Conjurations   | 2 3 4 6 7 9 |  9.0
Fire Magic     | 2 |  2.4
Dodging        | |  1.7
Stealth        | |  1.7
Spellcasting   | |  2.0

Action                   |  1- 3 |  4- 6 |  7- 9 || total
-------------------------+-------+-------+-------++-------
Melee: Unarmed           |    26 |       |       ||    26
       Dagger            |     4 |       |       ||     4
       Tailslap          |     2 |     4 |     1 ||     7
       Spear             |       |    59 |    32 ||    91
 Cast: Foxfire           |    86 |   131 |    50 ||   267
       Scorch            |       |     3 |     1 ||     4
  Use: Scroll            |       |     2 |       ||     2
       Potion            |       |     2 |       ||     2
 Stab: Sleeping          |       |     5 |       ||     5
Armor: Skin              |    31 |    20 |    16 ||    67
Dodge: Dodged            |    46 |    46 |    34 ||   126

Table legend: (Time is in decaauts)
 A = Elapsed time spent in this place.
 B = Non-inter-level travel time spent in this place.
 C = Inter-level travel time spent in this place.
 D = Time resting spent in this place.
 E = Time spent auto-exploring this place.
 F = Levels seen in this place.
 G = Mean time per level.
                   A        B        C        D        E       F      G
               +--------+--------+--------+--------+--------+-----+--------+
         Total |   5121 |   4969 |    152 |    239 |   3728 |   6 |  853.5 |
       Dungeon |   5121 |   4969 |    152 |    239 |   3728 |   6 |  853.5 |
               +--------+--------+--------+--------+--------+-----+--------+

Top non-repeatable levels by time:
     D:1: 1264 daAuts
     D:5: 1135 daAuts
     D:4: 1041 daAuts
     D:2: 828 daAuts
     D:3: 755 daAuts
     D:6: 95 daAuts
